MID
SOUTH BEND CUBS @ BINGHAMTON METS
09/02/2047
 
TOP OF THE 1ST
South Bend Cubs batting - Pitching for Binghamton Mets : RHP Matt Bennett
Pitching: RHP Matt Bennett
Batting: LHB Sumiki Okuhara 0-0: Ball
1-0: Called Strike
1-1: Ball
2-1: Ball
3-1: Fly out, F8 (Flyball, 89M, EV 86.9 MPH)
Batting: LHB Alex Ramos 0-0: Called Strike
0-1: Ball
1-1: Ball
2-1: Foul Ball, location: 2F
2-2: Ball
3-2: SINGLE (Line Drive, 89S, EV 97.5 MPH)
Batting: RHB Tim Long 0-0: DOUBLE (Line Drive, 3D, EV 94.4 MPH)
Alex Ramos to third
Batting: RHB Josh Asch 0-0: Ball
1-0: Foul Ball, location: 2F
1-1: Ball
2-1: Foul Ball, location: 2F
2-2: Strikes out swinging
Batting: RHB Jerry Blas 0-0: Ball
1-0: Foul Ball, location: 2F
1-1: Foul Ball, location: 2F
1-2: Foul Ball, location: 2F
1-2: Ball
2-2: Ball
3-2: Ground out 4-3 (Groundball, 4MD, EV 101.9 MPH)
Top of the 1st over - 0 runs, 2 hits, 0 errors, 2 left on base; South Bend 0 - Binghamton 0
BOTTOM OF THE 1ST
Binghamton Mets batting - Pitching for South Bend Cubs : RHP Josh Mott
Pitching: RHP Josh Mott
Batting: RHB Oscar Bravo 0-0: Bunt missed!
0-1: Ball
1-1: Ground out 5-3 (Groundball, 5S, EV 74.4 MPH)
Batting: RHB Jose Lara 0-0: Called Strike
0-1: Ball
1-1: Foul Ball, location: 2F
1-2: Strikes out swinging
Batting: SHB Masatoshi Akahoshi 0-0: Ball
1-0: Ball
2-0: Swinging Strike
2-1: Ball
3-1: Ground out 4-3 (Groundball, 4, EV 108.1 MPH)
Bottom of the 1st over - 0 runs, 0 hits, 0 errors, 0 left on base; South Bend 0 - Binghamton 0
TOP OF THE 2ND
South Bend Cubs batting - Pitching for Binghamton Mets : RHP Matt Bennett
Batting: RHB Bartolo Aguilar 0-0: Called Strike
0-1: Ball
1-1: Called Strike
1-2: Ball
2-2: Ball
3-2: Ground out 5-3 (Groundball, 56S, EV 91.2 MPH)
Batting: LHB Mark Huey 0-0: Called Strike
0-1: Called Strike
0-2: Strikes out swinging
Batting: SHB Benoît Morin 0-0: Ball
1-0: Ground out 4-3 (Groundball, 4, EV 77.5 MPH)
Top of the 2nd over - 0 runs, 0 hits, 0 errors, 0 left on base; South Bend 0 - Binghamton 0
BOTTOM OF THE 2ND
Binghamton Mets batting - Pitching for South Bend Cubs : RHP Josh Mott
Batting: LHB Tony Leyba 0-0: Called Strike
0-1: Ball
1-1: Called Strike
1-2: Strikes out swinging
Batting: RHB Jordan Williams 0-0: Ball
1-0: Ball
2-0: Called Strike
2-1: DOUBLE (Line Drive, 9LD, EV 108.8 MPH)
Pitching: RHP Tom Reed
Batting: LHB Bayesa Mundhir 0-0: Ground out U3 (Groundball, 34, EV 103.1 MPH)
Jordan Williams to third
Batting: RHB Rich Cracchiolo 0-0: Foul Ball, location: 2F
0-1: Foul Ball, location: 2F
0-2: Ball
1-2: Strikes out swinging
Bottom of the 2nd over - 0 runs, 1 hit, 0 errors, 1 left on base; South Bend 0 - Binghamton 0
TOP OF THE 3RD
South Bend Cubs batting - Pitching for Binghamton Mets : RHP Matt Bennett
Batting: RHB Victor Ramirez 0-0: Called Strike
0-1: Swinging Strike
0-2: Ball
1-2: Ball
2-2: Foul Ball, location: 2F
2-2: Foul Ball, location: 2F
2-2: Strikes out swinging
Batting: LHB Sumiki Okuhara 0-0: Ball
1-0: Ball
2-0: Swinging Strike
2-1: Ball
3-1: Base on Balls
Batting: LHB Alex Ramos 0-0: Called Strike
0-1: Foul Ball, location: 2F
0-2: Ball
1-2: Strikes out looking
Batting: RHB Tim Long 0-0: Ball
1-0: Swinging Strike
1-1: Ball
2-1: SINGLE (Groundball, 5S, EV 68.8 MPH) (infield hit)
Sumiki Okuhara to second
Batting: RHB Josh Asch 0-0: Called Strike
0-1: Ball
1-1: Swinging Strike
1-2: Foul Ball, location: 2F
1-2: Ball
2-2: Foul Ball, location: 2F
2-2: Foul Ball, location: 2F
2-2: Strikes out swinging
Top of the 3rd over - 0 runs, 1 hit, 0 errors, 2 left on base; South Bend 0 - Binghamton 0
BOTTOM OF THE 3RD
Binghamton Mets batting - Pitching for South Bend Cubs : RHP Tom Reed
Batting: RHB Fathi Addae 0-0: Ball
1-0: Called Strike
1-1: Swinging Strike
1-2: Foul Ball, location: 2F
1-2: Foul Ball, location: 2F
1-2: Ground out 6-3 (Groundball, 6, EV 93.1 MPH)
Batting: RHB Frank Shaw 0-0: Ball
1-0: Ball
2-0: Ball
3-0: Called Strike
3-1: Base on Balls
Batting: RHB Oscar Bravo 0-0: Called Strike
0-1: Swinging Strike
0-2: Ball
1-2: Strikes out swinging
Batting: RHB Jose Lara 0-0: Ball
1-0: Ball
2-0: Foul Ball, location: 2F
2-1: SINGLE (Groundball, 34D, EV 100.0 MPH)
Frank Shaw to second
Runner from 2nd tries for 3rd, SAFE, throw by RF made to third
Pitching: RHP Phil Holmes
Batting: SHB Masatoshi Akahoshi 0-0: Called Strike
0-1: Foul Ball, location: 2F
0-2: Strikes out swinging
Bottom of the 3rd over - 0 runs, 1 hit, 0 errors, 2 left on base; South Bend 0 - Binghamton 0
TOP OF THE 4TH
South Bend Cubs batting - Pitching for Binghamton Mets : RHP Matt Bennett
Batting: RHB Jerry Blas 0-0: Called Strike
0-1: Foul Ball, location: 2F
0-2: Strikes out swinging
Batting: RHB Bartolo Aguilar 0-0: Ball
1-0: Ball
2-0: Swinging Strike
2-1: Foul Ball, location: 2F
2-2: Strikes out looking
Batting: LHB Mark Huey 0-0: Ground out 4-3 (Groundball, 4, EV 98.8 MPH)
Top of the 4th over - 0 runs, 0 hits, 0 errors, 0 left on base; South Bend 0 - Binghamton 0
BOTTOM OF THE 4TH
Binghamton Mets batting - Pitching for South Bend Cubs : RHP Phil Holmes
Batting: LHB Tony Leyba 0-0: Foul Ball, location: 2F
0-1: Foul Ball, location: 2F
0-2: Strikes out looking
Batting: RHB Jordan Williams 0-0: Called Strike
0-1: Foul Ball, location: 2F
0-2: Ball
1-2: Ball
2-2: Foul Ball, location: 2F
2-2: Foul Ball, location: 2F
2-2: Ground out 6-3 (Groundball, 56, EV 105.6 MPH)
Batting: LHB Bayesa Mundhir 0-0: Foul Ball, location: 2F
0-1: Ball
1-1: Ball
2-1: Swinging Strike
2-2: Fly out, F9 (Flyball, 9, EV 81.9 MPH)
Bottom of the 4th over - 0 runs, 0 hits, 0 errors, 0 left on base; South Bend 0 - Binghamton 0
TOP OF THE 5TH
South Bend Cubs batting - Pitching for Binghamton Mets : RHP Matt Bennett
Batting: SHB Benoît Morin 0-0: Ball
1-0: Ball
2-0: Called Strike
2-1: Foul Ball, location: 2F
2-2: Strikes out swinging
Batting: RHB Victor Ramirez 0-0: Called Strike
0-1: Ball
1-1: Called Strike
1-2: Strikes out looking
Batting: LHB Sumiki Okuhara 0-0: Called Strike
0-1: SINGLE (Groundball, 4MD, EV 105.0 MPH)
Batting: LHB Alex Ramos 0-0: Called Strike
Sumiki Okuhara steals 2nd base
0-1: SINGLE (Line Drive, 56, EV 94.4 MPH)
Sumiki Okuhara to third
Runner from 3rd tries for Home, SAFE, throw by LF to home
Batting: RHB Tim Long 0-0: Ball
Alex Ramos steals 2nd base
1-0: Called Strike
1-1: Called Strike
1-2: Ball
2-2: Ball
3-2: SINGLE (Flyball, 8LS, EV 91.2 MPH)
Alex Ramos to third
Runner from 3rd tries for Home, throw by CF and OUT! 8-2
Top of the 5th over - 1 run, 3 hits, 0 errors, 1 left on base; South Bend 1 - Binghamton 0
BOTTOM OF THE 5TH
Binghamton Mets batting - Pitching for South Bend Cubs : RHP Phil Holmes
Pitching: RHP Carlos Zavala
Batting: RHB Rich Cracchiolo 0-0: Fly out, F9 (Line Drive, 89S, EV 93.8 MPH)
Batting: RHB Fathi Addae 0-0: Foul Ball, location: 2F
0-1: Fly out, F9 (Line Drive, 9S, EV 102.5 MPH)
Batting: RHB Frank Shaw 0-0: Called Strike
0-1: Ball
1-1: SINGLE (Groundball, 34D, EV 96.9 MPH)
Batting: RHB Oscar Bravo 0-0: Ball
1-0: Ball
2-0: Ball
3-0: Called Strike
3-1: Fielders Choice at 2nd, 5-4 (Groundball, 56, EV 108.8 MPH)
Bottom of the 5th over - 0 runs, 1 hit, 0 errors, 1 left on base; South Bend 1 - Binghamton 0
TOP OF THE 6TH
South Bend Cubs batting - Pitching for Binghamton Mets : RHP Matt Bennett
Pitching: RHP Edwin Velazquez
Batting: RHB Josh Asch 0-0: Ball
1-0: Foul Ball, location: 2F
1-1: Ball
2-1: Foul Ball, location: 2F
2-2: Foul Ball, location: 2F
2-2: Ball
3-2: Foul Ball, location: 2F
3-2: Foul Ball, location: 2F
3-2: Strikes out looking
Batting: RHB Jerry Blas 0-0: Called Strike
0-1: Ball
1-1: Foul Ball, location: 2F
1-2: Fly out, F7 (Flyball, 78M, EV 83.1 MPH)
Batting: RHB Bartolo Aguilar 0-0: Ball
1-0: Ball
2-0: Fly out, F7 (Flyball, 7D, EV 101.9 MPH)
Top of the 6th over - 0 runs, 0 hits, 0 errors, 0 left on base; South Bend 1 - Binghamton 0
BOTTOM OF THE 6TH
Binghamton Mets batting - Pitching for South Bend Cubs : RHP Carlos Zavala
Batting: RHB Jose Lara 0-0: Fly out, F6 (Popup, 4S, EV 85.0 MPH)
Batting: SHB Masatoshi Akahoshi 0-0: SINGLE (Line Drive, 8RS, EV 90.6 MPH)
Batting: LHB Tony Leyba 0-0: Ball
1-0: Foul Ball, location: 2F
1-1: Fielders Choice at 2nd, 4-6 (Groundball, 34, EV 108.1 MPH)
Batting: RHB Jordan Williams 0-0: Called Strike
0-1: SINGLE (Groundball, 6D, EV 96.2 MPH)
Tony Leyba to second
Pitching: RHP Josh Deyo
Batting: LHB Bayesa Mundhir 0-0: Foul Ball, location: 2F
0-1: Called Strike
0-2: Fielders Choice at 2nd, 6-4 (Groundball, 6, EV 105.0 MPH)
Bottom of the 6th over - 0 runs, 2 hits, 0 errors, 2 left on base; South Bend 1 - Binghamton 0
TOP OF THE 7TH
South Bend Cubs batting - Pitching for Binghamton Mets : RHP Edwin Velazquez
Batting: LHB Mark Huey 0-0: Ball
1-0: Ball
2-0: Ball
3-0: Called Strike
3-1: Called Strike
3-2: SINGLE (Groundball, 4D, EV 97.5 MPH)
Batting: SHB Benoît Morin 0-0: Called Strike
0-1: SINGLE (Groundball, 4MD, EV 95.0 MPH)
Mark Huey to second
Runner from 2nd tries for 3rd, SAFE, throw by CF made to third
Batting: RHB Victor Ramirez 0-0: Swinging Strike
0-1: Ball
1-1: Foul Ball, location: 2F
1-2: SINGLE (Groundball, 6M, EV 105.0 MPH)
Mark Huey scores
Benoît Morin to second
Throwing error, E8
Benoît Morin scores
Victor Ramirez to second
Batting: LHB Sumiki Okuhara 0-0: SINGLE (Flyball, 5D, EV 91.2 MPH)
Victor Ramirez to third
Batting: LHB Alex Ramos 0-0: Ball
1-0: Ball
2-0: 3-RUN HOME RUN (Flyball, 9D, EV 95.0 MPH), Distance : 361 ft
Pitching: LHP Juan Castellano
Batting: RHB Tim Long 0-0: Called Strike
0-1: Called Strike
0-2: Ball
1-2: Ball
2-2: Foul Ball, location: 2F
2-2: Ball
3-2: Fly out, F9 (Flyball, 89M, EV 90.6 MPH)
Batting: RHB Josh Asch 0-0: Ball
1-0: Called Strike
1-1: Foul Ball, location: 2F
1-2: Strikes out swinging
Batting: RHB Jerry Blas 0-0: Ball
1-0: Ball
2-0: Swinging Strike
2-1: Ground out 5-3 (Groundball, 5, EV 110.0 MPH)
Top of the 7th over - 5 runs, 5 hits, 1 error, 0 left on base; South Bend 6 - Binghamton 0
BOTTOM OF THE 7TH
Binghamton Mets batting - Pitching for South Bend Cubs : RHP Josh Deyo
Batting: RHB Rich Cracchiolo 0-0: Called Strike
0-1: Ball
1-1: Ball
2-1: Ground out 4-3 (Groundball, 4M, EV 90.0 MPH)
Batting: RHB Fathi Addae 0-0: Foul Ball, location: 2F
0-1: Called Strike
0-2: Ball
1-2: Ball
2-2: Ball
3-2: Base on Balls
Batting: RHB Frank Shaw 0-0: Foul Ball, location: 2F
0-1: Ball
1-1: Ball
2-1: DOUBLE (Line Drive, 9LD, EV 110.0 MPH)
Fathi Addae to third
Batting: RHB Oscar Bravo 0-0: Ball
1-0: Swinging Strike
1-1: Ball
2-1: Fly out, F9 (Flyball, 89S, EV 82.5 MPH)
Pitching: LHP Joey Lowe
Batting: RHB Jose Lara 0-0: Foul Ball, location: 2F
0-1: Called Strike
0-2: Foul Ball, location: 2F
0-2: SINGLE (Groundball, 6MD, EV 100.6 MPH)
Fathi Addae scores
Frank Shaw to third
Batting: SHB Masatoshi Akahoshi 0-0: Called Strike
0-1: Swinging Strike
0-2: Strikes out swinging
Bottom of the 7th over - 1 run, 2 hits, 0 errors, 2 left on base; South Bend 6 - Binghamton 1
TOP OF THE 8TH
South Bend Cubs batting - Pitching for Binghamton Mets : LHP Juan Castellano
Batting: RHB Bartolo Aguilar 0-0: Fly out, F9 (Flyball, 9D, EV 101.2 MPH)
Batting: LHB Mark Huey 0-0: Called Strike
0-1: Ball
1-1: Foul Ball, location: 2F
1-2: Ball
2-2: Strikes out swinging
Batting: SHB Benoît Morin 0-0: Called Strike
0-1: Ball
1-1: Ball
2-1: Called Strike
2-2: Foul Ball, location: 2F
2-2: Ground out 4-3 (Groundball, 4, EV 104.4 MPH)
Top of the 8th over - 0 runs, 0 hits, 0 errors, 0 left on base; South Bend 6 - Binghamton 1
BOTTOM OF THE 8TH
Binghamton Mets batting - Pitching for South Bend Cubs : LHP Joey Lowe
Batting: LHB Tony Leyba 0-0: Ball
1-0: Called Strike
1-1: Fly out, F7 (Flyball, 7D, EV 110.0 MPH)
Batting: RHB Jordan Williams 0-0: Foul Ball, location: 2F
0-1: Foul Ball, location: 2F
0-2: SINGLE (Groundball, 5S, EV 70.0 MPH) (infield hit)
Batting: LHB Bayesa Mundhir 0-0: Called Strike
0-1: SINGLE (Groundball, 6D, EV 111.9 MPH)
Jordan Williams to second
Batting: RHB Rich Cracchiolo 0-0: Ball
1-0: Ball
2-0: Foul Ball, location: 2F
2-1: Foul Ball, location: 2F
2-2: Ball
3-2: Base on Balls
Jordan Williams to third
Bayesa Mundhir to second
Pitching: RHP Jean-Paul Lefebvre
Batting: RHB Fathi Addae 0-0: Foul Ball, location: 2F
0-1: Grounds into fielders choice 1-2 (Groundball, 23, EV 67.5 MPH)
Bayesa Mundhir to third
Rich Cracchiolo to second
Batting: RHB Frank Shaw 0-0: Foul Ball, location: 2F
0-1: Swinging Strike
0-2: Ball
1-2: Ball
2-2: Strikes out looking
Bottom of the 8th over - 0 runs, 2 hits, 0 errors, 3 left on base; South Bend 6 - Binghamton 1
TOP OF THE 9TH
South Bend Cubs batting - Pitching for Binghamton Mets : LHP Juan Castellano
Batting: RHB Victor Ramirez 0-0: Ball
1-0: Ground out U3 (Groundball, 13, EV 91.2 MPH)
Batting: LHB Sumiki Okuhara 0-0: Ball
1-0: Ball
2-0: Foul Ball, location: 2F
2-1: Called Strike
2-2: Strikes out swinging, 2-3 out at first.
Batting: LHB Alex Ramos 0-0: Called Strike
0-1: Ball
1-1: Fly out, F4 (Popup, 3DF, EV 61.9 MPH)
Top of the 9th over - 0 runs, 0 hits, 0 errors, 0 left on base; South Bend 6 - Binghamton 1
BOTTOM OF THE 9TH
Binghamton Mets batting - Pitching for South Bend Cubs : RHP Jean-Paul Lefebvre
Batting: RHB Oscar Bravo 0-0: Called Strike
0-1: Ball
1-1: SINGLE (Line Drive, 6MD, EV 101.9 MPH)
Batting: RHB Jose Lara 0-0: Called Strike
0-1: Ball
1-1: Foul Ball, location: 2F
1-2: Ball
2-2: SINGLE (Groundball, 4MD, EV 99.4 MPH)
Oscar Bravo to second
Batting: SHB Masatoshi Akahoshi 0-0: Fly out, F9 (Flyball, 9, EV 83.8 MPH)
Batting: LHB Tony Leyba 0-0: Called Strike
0-1: Ball
1-1: Ball
2-1: Called Strike
2-2: 3-RUN HOME RUN (Flyball, 89XD, EV 104.4 MPH), Distance : 404 ft
Pitching: RHP Dylan Henderson
Pinch Hitting: LHB Preston Knaak 0-0: Ball
1-0: Ground out U3 (Groundball, 3, EV 82.5 MPH)
Batting: LHB Bayesa Mundhir 0-0: Ball
1-0: Ball
2-0: Ball
3-0: Base on Balls
Batting: RHB Rich Cracchiolo 0-0: Called Strike
0-1: SINGLE (Line Drive, 5L, EV 94.4 MPH)
Bayesa Mundhir to second
Pinch Runner at 2nd Ryan Brown:
Batting: RHB Fathi Addae 0-0: Ball
1-0: Ball
2-0: Called Strike
2-1: Ball
3-1: SINGLE (Line Drive, 9LS, EV 85.0 MPH)
Ryan Brown to third
Rich Cracchiolo to second
Batting: RHB Frank Shaw 0-0: Ball
1-0: Ball
2-0: Ball
3-0: Called Strike
3-1: Fielders Choice at 2nd, 6-4 (Groundball, 6, EV 96.9 MPH)
Bottom of the 9th over - 3 runs, 5 hits, 0 errors, 3 left on base; South Bend 6 - Binghamton 4
Thursday, December 15th , 2022 - OOTP Baseball 23.9 Build 102